 Dungeon Crawl Stone Soup version 0.29-a0-919-gd064cfad1c (webtiles) character file.

Game seed: 2269556890228412189

19 Hubjo the Insei (level 2, -2/22 HPs)
             Began as a Demonspawn Transmuter on July 26, 2022.
             Slain by Sigmund
             ... wielding a +0 scythe
              (8 damage)
             ... on level 2 of the Dungeon.
             The game lasted 00:01:02 (1034 turns).

Hubjo the Insei (Demonspawn Transmuter)             Turns: 1034, Time: 00:01:03

Health: -2/22      AC:  2    Str:  7 (10) XL:     2   Next: 55%
Magic:  3/5        EV: 12    Int: 13 (14) God:
Gold:   65         SH:  0    Dex: 10 (13) Spells: 4/5 levels left

rFire   . . .      SeeInvis .     - Unarmed
rCold   . . .      Faith    .   (no shield)
rNeg    . . .      Spirit   .   a - +0 robe
rPois   .          Reflect  .   (helmet currently unavailable)
rElec   .          Harm     .   (no cloak)
rCorr   .          Rampage  .   (no gloves)
Will    .....                   (boots currently unavailable)
Stlth   +.........              (no amulet)
HPRegen 0.07/turn               (no ring)
MPRegen 0.09/turn               (no ring)

@: appendages, very slightly contaminated
A: horns 2, talons 2, ignite blood 1
a: End Transformation


You were on level 2 of the Dungeon.
You had temporarily grown beastly horns and talons.
You visited 1 branch of the dungeon, and saw 2 of its levels.

You collected 65 gold pieces.

Inventory:

Armour
 a - a +0 robe (worn)
Scrolls
 c - a scroll of immolation {unknown}
 e - 2 scrolls of blinking {unknown}
 f - a scroll of poison {unknown}
 h - a scroll of noise {unknown}
Potions
 b - a potion of lignification
 d - a potion of curing {unknown}
 g - a potion of degeneration


   Skills:
 * Level 1.7 Fighting
 - Level 1.7 Dodging
 + Level 2.9 Unarmed Combat
 + Level 2.2 Spellcasting
 + Level 2.0 Transmutations


You had 4 spell levels left.
You knew the following spells:

 Your Spells              Type           Power      Damage    Failure   Level
a - Beastly Appendage     Tmut           12%        N/A       11%         1

Your spell library contained the following spells:

 Spells                   Type           Power      Damage    Failure   Level
 Wereblood                Tmut           6%         N/A       16%         2
 Spider Form              Tmut/Pois      4%         N/A       43%         3
 Ice Form                 Ice/Tmut       4%         N/A       85%         4


Dungeon Overview and Level Annotations

Branches:
Dungeon (2/15)

Altars:

Annotations:
D:2 Sigmund


Innate Abilities, Weirdness & Mutations

You have temporarily grown beastly horns and talons.
Your demonic aura sometimes causes spilled blood to erupt in flames.


Message History

No target in view!
No target in view!
No target in view!
No target in view!
No target in view!
No target in view!
No target in view!
No target in view!
No target in view!
No target in view!
No target in view!
No target in view!
Your transformation is almost over.
You see here a hobgoblin corpse.
Found a leather armour.
Your horns disappear.
Your talons disappear.
Found a stone staircase leading down.
You now have 65 gold pieces (gained 9).
Sigmund the Dreaded comes into view.
He is wielding a +0 scythe.
Sigmund is nearby!
Sigmund is nearby!
You miscast Beastly Appendage.
You are very lightly contaminated with residual magic.
Nothing appears to happen.
Sigmund gestures at you while chanting. You resist with significant effort.
You grow a pair of large bovine horns.
Your feet morph into talons.
A quokka comes into view.
Sigmund is suddenly surrounded by pale green light.
Sigmund hits you from afar with a +0 scythe!
You see here a scroll labelled AMIDEKI ZEFA.
You hit Sigmund. You claw Sigmund, but do no damage.
Sigmund is lightly wounded.
Sigmund hits you with a +0 scythe!
* * * LOW HITPOINT WARNING * * *
It was a potion of degeneration.
There was something very wrong with that liquid.
You feel weakened.
You feel dopey.
You feel clumsy. Sigmund hits you with a +0 scythe!
You die...

#####..##.#......#
#####..##.#......#
..†.........#....#
........#.#.#.#..#
........#.#.#.#..#
........#.#.#.#..#
........#...#.#..# #
........#.#.#.#.°#.#.###
........#...#.#.@.......
........#.....#.@r.#.###
###....# #....# #....#
#....# #....# .....#


You could see Sigmund and a quokka.

Vanquished Creatures
  2 endoplasms (D:1)
  2 giant cockroaches
  A hobgoblin (D:2)
  2 jackals (D:2)
  A quokka (D:1)
  4 ball pythons (D:1)
  3 bats
  A frilled lizard (D:1)
  2 rats
18 creatures vanquished.

Notes
Turn   | Place    | Note
-------+----------+-------------------------------------------
     0 | D:1      | Hubjo the Demonspawn Transmuter began the quest for the
                  | Orb.
     0 | D:1      | Reached XP level 1. HP: 15/15 MP: 3/3
   277 | D:1      | Gained mutation: Your demonic aura sometimes causes spilled
                  | blood to erupt in flames. [demonic ancestry]
   277 | D:1      | Reached XP level 2. HP: 20/21 MP: 3/5
  1026 | D:2      | Noticed Sigmund
  1034 | D:2      | Slain by Sigmund

Illustrated notes

Levels and vault maps discovered:
D:1:      minmay_arrival_pointy, layout_loops_ring, minmay_splitting_lines,
          hangedman_decor_riveting
D:2:      layout_basic, hangedman_abyss_or_decor_lesser_grid, uniq_sigmund

Skill      XL: |  1  2 |
---------------+-------+-----
Transmutations | 2 |  2.0
Fighting       | |  1.7
Dodging        | |  1.7
Unarmed Combat | |  2.9
Spellcasting   | |  2.2

Action                   || total
-------------------------++-------
Melee: Unarmed           ||    39
       Headbutt          ||     6
       Kick              ||    13
       Punch             ||     1
 Cast: Beastly Appendage ||    18
  Use: Potion            ||     1
Armor: Robe              ||     4
Dodge: Dodged            ||    26

Table legend: (Time is in decaauts)
 A = Elapsed time spent in this place.
 B = Non-inter-level travel time spent in this place.
 C = Inter-level travel time spent in this place.
 D = Time resting spent in this place.
 E = Time spent auto-exploring this place.
 F = Levels seen in this place.
 G = Mean time per level.
                   A        B        C        D        E       F      G
               +--------+--------+--------+--------+--------+-----+--------+
         Total |   1031 |   1031 |      0 |      0 |    882 |   2 |  515.5 |
       Dungeon |   1031 |   1031 |      0 |      0 |    882 |   2 |  515.5 |
               +--------+--------+--------+--------+--------+-----+--------+

Top non-repeatable levels by time:
     D:1: 824 daAuts
     D:2: 207 daAuts
